 Dungeon Crawl Stone Soup version 0.27.1 (webtiles) character file.

Game seed: 6467541647993291614

438 ZARRMARR the Ruffian (level 7, -6/59 HPs)
             Began as a Ghoul Monk on Aug 25, 2021.
             Mangled by Duvessa (7 damage)
             ... on level 4 of the Dungeon.
             The game lasted 00:10:47 (3671 turns).

ZARRMARR the Ruffian (Ghoul Monk)                   Turns: 3671, Time: 00:10:48

Health: -6/59      AC: 10    Str: 17    XL:     7   Next: 1%
Magic:  6/6        EV: 11    Int:  5    God:
Gold:   73         SH:  0    Dex: 11    Spells: 6/6 levels left

rFire    . . .     SeeInvis .     - Unarmed
rCold    + . .     Faith    .   (no shield)
rNeg     + + +     Spirit   .   e - +0 ring mail
rPois    ∞         Reflect  .   (no helmet)
rElec    .         Harm     .   a - +0 cloak
rCorr    .         Rampage  .   (no gloves)
Will     .....                  (no boots)
Stlth    +.........             (no amulet)
HPRegen  0.00/turn              o - +4 ring of protection
MPRegen  0.10/turn              (no ring)

@: inhibited regen
A: claws 1, cold resistance 1, negative energy resistance 3, inhibited
regeneration, torment resistance 2
a: no special abilities


You were on level 4 of the Dungeon.
You visited 1 branch of the dungeon, and saw 4 of its levels.

You collected 73 gold pieces.

Inventory:

Armour
 a - a +0 cloak (worn)
 e - a +0 ring mail (worn)
Jewellery
 o - a +4 ring of protection (left claw)
Wands
 p - a wand of flame (8)
Scrolls
 f - a scroll of fog
 h - a scroll of enchant weapon
 j - 2 scrolls of vulnerability {unknown}
 k - a scroll of enchant armour {unknown}
Potions
 c - a potion of ambrosia {unknown}
 d - 2 potions of degeneration {unknown}
 g - a potion of flight {unknown}
 l - 3 potions of mutation {unknown}
 m - 2 potions of heal wounds {unknown}
 n - 3 potions of curing {unknown}


   Skills:
 + Level 4.2 Fighting
 + Level 3.1 Armour
 - Level 3.1 Dodging
 - Level 2.2 Stealth
 + Level 6.4 Unarmed Combat


You had 6 spell levels left.
You didn't know any spells.
Your spell library contained the following spells:

 Spells                   Type           Power      Damage    Failure   Level
 Foxfire                  Conj/Fire      0%         2x1d4     67%         1
 Conjure Flame            Conj/Fire      0%         6-21      96%         3
 Inner Flame              Hex/Fire       0%         N/A       96%         3


Dungeon Overview and Level Annotations

Branches:
Dungeon (4/15)
 Temple: D:4-7

Altars:
Qazlal
Wu Jian
The Shining One

Annotations:
D:3 1 transporter
D:4 Dowan, Duvessa


Innate Abilities, Weirdness & Mutations

You thrive by killing the living.
You are immune to poison.
You have sharp fingernails.
Your flesh is cold resistant. (rC+)
You are immune to negative energy. (rN+++)
You do not regenerate when monsters are visible.
You are immune to unholy pain and torment.


Message History

The phantom is heavily damaged.
The phantom barely misses you.
You scratch the phantom but do no damage.
The phantom is heavily damaged.
The phantom closely misses you.
You claw the phantom!
The phantom is severely damaged.
The phantom hits you but does no damage.
You claw the phantom!
You destroy the phantom!
Your Armour skill increases to level 3!
You have reached level 7!
You scratch Duvessa but do no damage.
Duvessa hits you with a +0 short sword of protection!
* * * LOW HITPOINT WARNING * * *
You barely miss Duvessa.
Duvessa hits you with a +0 short sword of protection.
* * * LOW HITPOINT WARNING * * *
You claw Duvessa!
Duvessa is moderately wounded.
Duvessa barely misses you.
Duvessa hits you with a +0 short sword of protection.
* * * LOW HITPOINT WARNING * * *
You barely miss Duvessa.
Duvessa is moderately wounded.
Duvessa hits you with a +0 short sword of protection.
* * * LOW HITPOINT WARNING * * *
You scratch Duvessa.
Duvessa is moderately wounded.
Duvessa hits you with a +0 short sword of protection.
* * * LOW HITPOINT WARNING * * *
You barely miss Duvessa.
Duvessa is moderately wounded.
Duvessa hits you with a +0 short sword of protection.
* * * LOW HITPOINT WARNING * * *
Duvessa hits you but does no damage.
You scratch Duvessa but do no damage.
Duvessa is moderately wounded.
Duvessa hits you with a +0 short sword of protection!
You die...

####################
#..@eeg.............
#####.######.####.######
#....<..)....# #.#
#.#.########## #.# # #e#
#......e# #.#####.g #.##
#..


You could see Duvessa (fast), Dowan and a hobgoblin.

Vanquished Creatures
  2 ogres (D:4)
  A phantom (D:4)
  Jessica (D:3)
  An iguana (D:3)
  An orc wizard (D:3)
  4 adders
  2 worms (D:2)
  4 orcs (D:3)
  5 endoplasms
  6 giant cockroaches
  7 goblins
  3 hobgoblins
  4 jackals (D:1)
  4 quokkas
  7 ball pythons
  9 bats
  2 frilled lizards
  7 kobolds
  9 rats
79 creatures vanquished.

Vanquished Creatures (others)
  A plant (D:3)
1 creature vanquished.

Grand Total: 80 creatures vanquished

Notes
Turn   | Place    | Note
-------+----------+-------------------------------------------
     0 | D:1      | ZARRMARR the Ghoul Monk began the quest for the Orb.
     0 | D:1      | Reached XP level 1. HP: 19/19 MP: 0/0
    52 | D:1      | Reached XP level 2. HP: 18/26 MP: 1/1
   462 | D:1      | Reached XP level 3. HP: 30/31 MP: 2/2
  1101 | D:2      | Reached skill level 4 in Unarmed Combat
  1283 | D:2      | Reached XP level 4. HP: 32/40 MP: 3/3
  1422 | D:2      | Reached skill level 1 in Armour
  1939 | D:3      | Reached XP level 5. HP: 46/46 MP: 4/4
  1950 | D:3      | Found a transporter.
  2114 | D:3      | Reached skill level 5 in Unarmed Combat
  2132 | D:3      | Found a transporter.
  2140 | D:3      | Noticed Jessica
  2149 | D:3      | Killed Jessica
  2627 | D:3      | Found a stormy altar of Qazlal.
  2725 | D:3      | Found an ornate altar of the Wu Jian Council.
  2995 | D:3      | Found a faded altar of an unknown god.
  2995 | D:3      | Noticed a sixfirhy
  3420 | D:4      | Noticed an ogre
  3433 | D:4      | Killed an ogre
  3434 | D:4      | Reached XP level 6. HP: 15/52 MP: 5/5
  3643 | D:4      | Noticed Duvessa
  3643 | D:4      | Noticed Dowan
  3653 | D:4      | Reached skill level 6 in Unarmed Combat
  3661 | D:4      | Reached XP level 7. HP: 23/59 MP: 6/6
  3669 | D:4      | HP: 2/59 [Duvessa (4)]
  3671 | D:4      | Mangled by Duvessa

Illustrated notes

Levels and vault maps discovered:
D:1:      dpeg_arrival_stonehenge_12_columns, layout_basic, serial_bayou_pond_b,
          minmay_tromino_v4_b
D:2:      layout_loops_cross
D:3:      gammafunk_steamed_eel, layout_basic, nzn_wu_jian_contemplation,
          lemuel_round_altar, mainiacjoe_overflow_small_starburst,
          dreamdust_ecumenical_altar_sealed_demon,
          amcnicky_mini_rare_corridor_liquid, due_unseen_surprise, uniq_jessica
D:4:      kennysheep_big_flooded_room, layout_loops_ring, serial_shops,
          shop_statue, chequers_decorated_corner, uniq_natasha, uniq_duvessa

Skill      XL: |  1  2  3  4  5  6 |
---------------+-------------------+-----
Dodging        | 3 |  3.1
Unarmed Combat | 4 5 6 |  6.4
Armour         | 1 2 3 |  3.1
Fighting       | 4 |  4.2
Stealth        | |  2.2

Action                   |  1- 3 |  4- 6 |  7- 9 || total
-------------------------+-------+-------+-------++-------
Melee: Unarmed           |   149 |   127 |     7 ||   283
       Punch             |     2 |     4 |       ||     6
  Use: Scroll            |     1 |     3 |       ||     4
       Potion            |       |     1 |       ||     1
 Stab: Sleeping          |     1 |       |       ||     1
Armor: Robe              |     5 |       |       ||     5
       Ring mail         |    34 |    38 |     1 ||    73
Dodge: Dodged            |    99 |    84 |     1 ||   184
